 Dungeon Crawl Stone Soup version 0.30-a0-341-g682706514a (webtiles) character file.

Game seed: 5610358428272598238

35800 TheGigVG the Fighter (level 13, -10/86 HPs)
             Began as a Gargoyle Fighter on Nov 2, 2022.
             Was the Champion of Okawaru.
             Killed from afar by a hellion (17 damage)
             ... with damnation
             ... on level 1 of the Abyss.
             The game lasted 00:48:18 (15457 turns).

TheGigVG the Fighter (Gargoyle Fighter)            Turns: 15457, Time: 00:48:19

Health: -10/86     AC: 23    Str: 28    XL:     13   Next: 86%
Magic:  13/13      EV: 13    Int: 14    God:    Okawaru [******]
Gold:   1706       SH:  7    Dex: 15    Spells: 12/12 levels left

rFire   . . .      SeeInvis .    w - +9 spear of Midnight {vamp, Int+4}
rCold   . . .      Faith    .    y - +2 buckler
rNeg    + + .      Spirit   .    r - +0 chain mail of Ycuett {Str+4}
rPois   ∞          Reflect  .    (helmet restricted)
rElec   +          Harm     .    (no cloak)
rCorr   .          Rampage  .    q - +2 pair of gloves
Will    .....                    h - +0 pair of boots
Stlth   ..........               (no amulet)
HPRegen 0.00/turn                j - +6 ring of dexterity
MPRegen 0.13/turn                x - ring of positive energy

@: about to teleport, inhibited regen, invisible
A: sickness immunity, AC +9, negative energy resistance 1, electricity
resistance, torment resistance 1, petrification resistance, horns 1, talons 1,
inhibited regeneration
a: Renounce Religion, Heroism, Finesse, Duel


You were on level 1 of the Abyss.
You worshipped Okawaru.
Okawaru was exalted by your worship.
You visited 3 branches of the dungeon, and saw 17 of its levels.
You visited the Abyss 1 time.

You collected 2085 gold pieces.
You spent 379 gold pieces at shops.

Inventory:

Hand Weapons
 d - a +2 vorpal broad axe
 g - a +0 battleaxe of protection
 n - a +1 sling of freezing
 w - the +9 spear of Midnight (weapon) {vamp, Int+4}
   (You found it on level 3 of the Dungeon)

   It occasionally heals its wielder for a portion of the damage dealt when it
   wounds a living foe.
   Int:       It affects your intelligence (+4).
 I - a +1 halberd of protection
Missiles
 o - 11 boomerangs (quivered)
 p - 4 throwing nets
 J - 25 poisoned darts
Armour
 h - a +0 pair of boots (worn)
 l - a +2 helmet
 q - a +2 pair of gloves (worn)
 r - the +0 chain mail of Ycuett (worn) {Str+4}
   (You found it on level 9 of the Dungeon)

   Str:       It affects your strength (+4).
 y - a +2 buckler (worn)
 D - a +0 plate armour
Jewellery
 j - a +6 ring of dexterity (left hand)
 x - a ring of positive energy (right hand)
 B - a ring of flight
 H - an amulet of magic regeneration
Wands
 c - a wand of flame (11)
 v - a wand of mindburst (45)
 z - a wand of quicksilver (5)
 A - a wand of iceblast (26)
Scrolls
 f - a scroll of poison
 t - 6 scrolls of identify {@r1}
 u - 2 scrolls of amnesia
 G - 4 scrolls of teleportation
Potions
 b - 3 potions of brilliance
 e - a potion of lignification
 m - a potion of cancellation
 F - 3 potions of berserk rage
Miscellaneous
 a - a phantom mirror


   Skills:
 - Level 12.0 Fighting
 - Level 10.8(12.4) Axes
 - Level 9.9(12.0) Polearms
 - Level 3.2 Armour
 + Level 11.9 Dodging
 - Level 3.2 Shields


You had 12 spell levels left.
You didn't know any spells.
Your spell library contained the following spells:

 Spells                   Type           Power      Damage    Failure   Level
 Foxfire                  Conj/Fire      0%         2x1d4     91%         1
 Ensorcelled Hibernation  Hex/Ice        0%         N/A       97%         2
 Passwall                 Tmut/Erth      0%         N/A       97%         2
 Static Discharge         Conj/Air       0%         2-2/arc   97%         2
 Dazzling Flash           Conj/Hex       0%         N/A       100%        3
 Inner Flame              Hex/Fire       0%         N/A       100%        3
 Portal Projectile        Hex/Tloc       0%         N/A       100%        3
 Swiftness                Air            0%         N/A       100%        3
 Vhi's Electric Charge    Tloc/Air       0%         N/A       100%        3
 Cause Fear               Hex            0%         N/A       100%        4
 Dispel Undead            Necr           0%         3d6       100%        4
 Flame Wave               Conj/Fire      0%         2d4       100%        4
 Iskenderun's Mystic Bla  Conj/Tloc      0%         2d3       100%        4
 Leda's Liquefaction      Hex/Erth       0%         N/A       100%        4
 Passage of Golubria      Tloc           0%         N/A       100%        4
 Sticky Flame             Conj/Fire      0%         2d3       100%        4
 Agony                    Necr           0%         N/A       100%        5
 Arcjolt                  Conj/Air       0%         1d10      100%        5
 Blade Hands              Tmut           0%         N/A       100%        5
 Fireball                 Conj/Fire      0%         3d3       100%        5
 Lightning Bolt           Conj/Air       0%         1d11      100%        5
 Silence                  Hex/Air        0%         N/A       100%        5
 Yara's Violent Unravell  Hex/Tmut       0%         3d3       100%        5
 Starburst                Conj/Fire      0%         6d3       100%        6
 Dragon Form              Tmut           0%         N/A       100%        7
 Discord                  Hex            0%         N/A       100%        8
 Cigotuvi's Dreadful Rot  Necr/Pois/Air  Unusable   N/A       N/A         2
 Call Canine Familiar     Summ           Unusable   N/A       N/A         3
 Tukima's Dance           Hex            Unusable   N/A       N/A         3
 Death Channel            Necr           Unusable   N/A       N/A         6
 Dragon's Call            Summ           Unusable   N/A       N/A         9

Dungeon Overview and Level Annotations

Branches:
Dungeon (12/15)            Temple (1/1) D:4            Lair (4/5) D:11
 Shoals (0/4) Lair:3       Spider (0/4) Lair:2        Slime (0/5) Lair:4
    Orc (0/2) D:10

Altars:
Ashenzari
Cheibriados
Dithmenos
Elyvilon
Fedhas
Gozag
Hepliaklqana
Kikubaaqudgha
Makhleb
Nemelex Xobeh
Okawaru
Qazlal
Ru
Sif Muna
Trog
Uskayaw
Vehumet
Wu Jian
Xom
Yredelemnul
Zin
The Shining One

Shops:
D:9 *   D:10 *

Annotations:
Lair:4 Sonja


Innate Abilities, Weirdness & Mutations

You are immune to sickness and miasma.
Your stone body is resilient. (AC +9)
You are immune to poison.
You resist negative energy. (rN+)
You are resistant to electric shocks. (rElec)
You are resistant to unholy torment.
You are immune to petrification.
You have a pair of small horns on your head.
You have sharp toenails.
You do not regenerate when monsters are visible.


Message History

The hellion closely misses you.
As you read the scroll of teleportation, it crumbles to dust.
You feel strangely unstable.
You feel the power of the Abyss delaying your translocation!
The hellion misses you.
The hellion hits you but does no damage.
An apocalypse crab comes into view.
You block the hellion's attack.
The apocalypse crab breathes chaos at you.
The blast of chaos engulfs you but does no damage.
The hellion is engulfed in seething chaos.
The hellion is moving more slowly.
The hellion gives a hideous shriek!
Aiming: Quicksilver Bolt
Press: ? - help, Q - select action, (/) - cycle Shift-Dir - straight line, f - hellion
Aim: a hellion (seething chaos, petrifying slowly, 100% to hit)
The bolt of dispelling energy hits the hellion!
The hellion is lightly wounded.
The hellion's magical effects unravel!
The apocalypse crab breathes chaos at you.
The blast of chaos engulfs you but does no damage.
Aiming: Quicksilver Bolt
Press: ? - help, Q - select action, (/) - cycle Shift-Dir - straight line, f/p - hellion
Aim: a hellion (seething chaos, lightly wounded, unable to see you, 71% to hit)
The bolt of dispelling energy hits the hellion!
The hellion is heavily wounded.
The hellion is engulfed in seething chaos.
The hellion suddenly stops moving!
The apocalypse crab breathes chaos at you.
The blast of chaos engulfs you but does no damage.
The hellion is engulfed in seething chaos.
Aiming: Quicksilver Bolt
Press: ? - help, Q - select action, (/) - cycle Shift-Dir - straight line, f/p - hellion
Aim: a hellion (heavily wounded, paralysed, 100% to hit)
The bolt of dispelling energy hits the hellion!!
The hellion is almost dead.
The hellion's magical effects unravel!
The hellion gestures at you.
The sphere of damnation explodes!
The damnation engulfs you!
You die...

. .......~.#..3...# ..
...3..#~~~#...##. #
#......~~.≈ .##. .
##.####......~~♣.~##..###
#.....##.....~~~.≈~#.. .
#§....##.... .#.....#.
#§..##§...#### ..####
#..§##. # ..# #..#2@#..#
. . #.##...#.# .## ...
#...# # ### .##.. t. ...
... .... .... ..... .#..
.....#


You could see an apocalypse crab and a hellion (unable to see you).

Vanquished Creatures
  Kirke (Lair:4)
  A spriggan zombie (Abyss:1)
  Harold (D:9)
  A centaur warrior (D:11)
  A boulder beetle (Lair:3)
  2 two-headed ogres
  Amaemon (Lair:2)
  A flayed ghost (D:9)
  A manticore (Lair:3)
  An ugly thing (D:9)
  14 elephants
  Joseph (D:8)
  A black mamba (Lair:2)
  A large abomination (Abyss:1)
  An orange demon (Lair:2)
  9 cane toads
  4 komodo dragons
  Psyche (D:10)
  A tormentor (Abyss:1)
  A rime drake (Lair:1)
  An ancient zyme (Abyss:1)
  3 trolls (D:11)
  A wind drake (Lair:3)
  11 blink frogs
  Sigmund (D:2)
  3 culicivoras (Lair:2)
  A vampire (D:11)
  7 wyverns
  A ynoxinul (Abyss:1)
  4 hogs (Lair:4)
  24 yaks
  A human (Lair:4)
  6 wraiths
  2 basilisks (Lair:2)
  A fire bat (D:9)
  2 steam dragons
  An acid dragon (D:10)
  9 water moccasins
  A hell hound (Abyss:1)
  A small abomination (Abyss:1)
  10 orc warriors
  A sky beast (D:7)
  A black bear (D:8)
  4 ice beasts
  5 centaurs
  3 ogres (D:6)
  13 wolves
  A phantom (D:6)
  4 kobold brigands
  9 necrophages
  10 bullfrogs
  2 scorpions
  10 wights
  6 killer bees (D:9)
  5 electric eels
  2 howler monkeys
  4 crimson imps (D:9)
  A quasit (Abyss:1)
  7 orc priests
  2 jellies
  10 hounds
  5 iguanas
  An iron imp (D:6)
  Natasha (thrice) (D:4)
  8 orc wizards
  Robin (D:3)
  5 adders
  9 river rats (D:9)
  4 white imps
  An ufetubus (D:4)
  3 worms
  3 dart slugs
  35 orcs
  4 ball pythons
  17 bats
  6 endoplasms
  5 giant cockroaches
  10 hobgoblins
  5 quokkas
  3 frilled lizards
  23 goblins
  27 kobolds
  16 rats
430 creatures vanquished.

Vanquished Creatures (others)
  A water moccasin (Lair:3)
  10 fungi
  24 plants
  16 withered plants (D:1)
51 creatures vanquished.

Grand Total: 481 creatures vanquished

Notes
Turn   | Place    | Note
-------+----------+-------------------------------------------
     0 | D:1      | TheGigVG the Gargoyle Fighter began the quest for the Orb.
     0 | D:1      | Reached XP level 1. HP: 14/14 MP: 1/1
    49 | D:1      | Found a faded altar of an unknown god.
   131 | D:1      | Reached XP level 2. HP: 16/19 MP: 2/2
   887 | D:2      | Reached XP level 3. HP: 23/23 MP: 3/3
  1046 | D:2      | Reached XP level 4. HP: 16/28 MP: 4/4
  1919 | D:2      | Noticed Sigmund
  1956 | D:2      | Killed Sigmund
  1957 | D:2      | Reached skill level 5 in Axes
  1957 | D:2      | Reached XP level 5. HP: 16/32 MP: 5/5
  1957 | D:2      | Reached XP level 6. HP: 19/37 MP: 6/6
  2210 | D:3      | Noticed Robin
  2483 | D:3      | Killed Robin
  2879 | D:3      | Identified the +9 spear of Midnight {vamp, Int+4}
  3387 | D:4      | Reached XP level 7. HP: 41/41 MP: 7/7
  3393 | D:4      | Found an opulent altar of Gozag.
  3764 | D:4      | Noticed Natasha
  3768 | D:4      | Killed Natasha
  3921 | D:4      | Found a staircase to the Ecumenical Temple.
  3965 | Temple   | Entered the Ecumenical Temple
  3970 | Temple   | Became a worshipper of Warmaster Okawaru
  4220 | D:4      | You fall into a shaft and drop 1 floor!
  4220 | D:5      | Entered Level 5 of the Dungeon
  4311 | D:4      | Noticed Natasha
  4316 | D:4      | Killed Natasha
  4347 | D:4      | Noticed Natasha
  4353 | D:4      | Killed Natasha
  4540 | D:5      | Reached XP level 8. HP: 46/46 MP: 8/8
  4761 | D:5      | Found a hide-covered altar of Uskayaw.
  4983 | D:6      | Reached * piety under Okawaru
  5043 | D:6      | Reached skill level 10 in Axes
  5193 | D:6      | Reached ** piety under Okawaru
  5194 | D:6      | Reached XP level 9. HP: 46/51 MP: 9/9
  5257 | D:6      | Found a glowing golden altar of the Shining One.
  5320 | D:6      | Found a snail-covered altar of Cheibriados.
  5387 | D:6      | Found a radiant altar of Vehumet.
  5424 | D:6      | Reached skill level 1 in Polearms
  5766 | D:7      | Noticed a two-headed ogre
  5781 | D:7      | Killed a two-headed ogre
  5781 | D:7      | Reached *** piety under Okawaru
  5782 | D:7      | Reached skill level 5 in Polearms
  5948 | D:7      | Reached XP level 10. HP: 31/56 MP: 10/10
  6208 | D:7      | Identified a scroll of acquirement
  6208 | D:7      | Acquired 1009 gold pieces
  6327 | D:7      | Gained mutation: You occasionally shout uncontrollably at
                  | your foes. [potion of mutation]
  6327 | D:7      | Gained mutation: You are vulnerable to heat. (rF-) [potion
                  | of mutation]
  6415 | D:7      | Found a bloodstained altar of Trog.
  6477 | D:7      | Reached **** piety under Okawaru
  6865 | D:8      | Received a gift from Okawaru
  7048 | D:8      | Noticed Joseph
  7067 | D:8      | Killed Joseph
  7160 | D:8      | Found an ancient bone altar of Kikubaaqudgha.
  7160 | D:8      | Found a broken altar of Ashenzari.
  7721 | D:9      | Reached ***** piety under Okawaru
  7774 | D:9      | Noticed Harold
  7800 | D:9      | Killed Harold
  7801 | D:9      | Reached skill level 4 in Fighting
  7939 | D:9      | Reached skill level 5 in Fighting
  7947 | D:9      | Found a shimmering blue altar of Sif Muna.
  7954 | D:9      | Reached XP level 11. HP: 64/64 MP: 11/11
  7978 | D:9      | Found a glowing silver altar of Zin.
  7997 | D:9      | Reached skill level 6 in Fighting
  8048 | D:9      | Found a runed translucent door.
  8054 | D:9      | Found a shimmering altar of Xom.
  8067 | D:9      | Found a sacrificial altar of Ru.
  8159 | D:9      | Found a radiant altar of Vehumet.
  8189 | D:9      | Reached skill level 7 in Fighting
  8196 | D:9      | Found an ancient bone altar of Kikubaaqudgha.
  8496 | D:9      | Found a shimmering altar of Xom.
  8530 | D:9      | Noticed a white ugly thing
  8538 | D:9      | Killed a white ugly thing
  8539 | D:9      | Reached skill level 8 in Fighting
  8624 | D:9      | Found a white marble altar of Elyvilon.
  8704 | D:9      | Found Liedem's Assorted Antiques.
  8714 | D:9      | Bought a scroll labelled NAUMPIUTZOBB for 23 gold pieces
  8714 | D:9      | Bought a potion of mutation for 184 gold pieces
  8714 | D:9      | Bought a scroll of enchant armour for 172 gold pieces
  8722 | D:9      | Lost mutation: You occasionally shout uncontrollably at
                  | your foes. [potion of mutation]
  8722 | D:9      | Lost mutation: You are vulnerable to heat. (rF-) [potion of
                  | mutation]
  8722 | D:9      | Gained mutation: You have a pair of small horns on your
                  | head. [potion of mutation]
  8722 | D:9      | Gained mutation: You do not regenerate when monsters are
                  | visible. [potion of mutation]
  8722 | D:9      | Gained mutation: You have sharp toenails. [potion of
                  | mutation]
  8919 | D:9      | Noticed a flayed ghost
  8929 | D:9      | Killed a flayed ghost
  8935 | D:9      | Identified the +0 chain mail of Ycuett {Str+4}
  9673 | D:10     | Entered Level 10 of the Dungeon
  9682 | D:10     | Found an ornate altar of the Wu Jian Council.
  9819 | D:10     | Found a staircase to the Orcish Mines.
 10097 | D:10     | Reached skill level 9 in Fighting
 10137 | D:10     | Found Evohorchy's Blasphemy Boutique.
 10154 | D:10     | Noticed Psyche
 10162 | D:10     | Killed Psyche
 10162 | D:10     | Received a gift from Okawaru
 10312 | D:10     | Noticed a two-headed ogre
 10325 | D:10     | Killed a two-headed ogre
 10383 | D:10     | Reached skill level 10 in Fighting
 11039 | D:11     | Noticed a centaur warrior
 11053 | D:11     | Killed a centaur warrior
 11054 | D:11     | Reached skill level 11 in Fighting
 11169 | D:11     | Identified the +0 pair of gloves of the Lute {rPois}
                  | (Okawaru gifted it to you on level 11 of the Dungeon)
 11169 | D:11     | Received a gift from Okawaru
 11210 | D:11     | Found a staircase to the Lair.
 11281 | D:11     | Reached skill level 12 in Fighting
 11281 | D:11     | Reached XP level 12. HP: 80/81 MP: 12/12
 11313 | D:11     | Reached skill level 1 in Dodging
 11419 | D:12     | Noticed a boulder beetle
 11551 | Lair:1   | Entered Level 1 of the Lair of Beasts
 11792 | Lair:1   | Reached skill level 5 in Dodging
 12289 | Lair:1   | Identified the +1 scale mail of Oliheh {rF+ Str-2 Int+2
                  | Dex+3} (Okawaru gifted it to you on level 1 of the Lair of
                  | Beasts)
 12289 | Lair:1   | Received a gift from Okawaru
 12940 | Lair:2   | Noticed Amaemon
 12972 | Lair:2   | Killed Amaemon
 13060 | Lair:2   | Found a hole to the Spider Nest.
 13253 | Lair:2   | Reached XP level 13. HP: 85/86 MP: 13/13
 13811 | Lair:3   | Reached ****** piety under Okawaru
 14094 | Lair:3   | Found a staircase to the Shoals.
 14112 | Lair:3   | Reached skill level 10 in Dodging
 14988 | Lair:4   | Found a staircase to the Slime Pits.
 15094 | Lair:4   | Noticed Sonja
 15108 | Lair:4   | Noticed Kirke
 15117 | Lair:4   | Received a gift from Okawaru
 15186 | Lair:4   | Killed Kirke
 15231 | Abyss:1  | Cast into level 1 of the Abyss (Sonja)
 15457 | Abyss:1  | Killed from afar by a hellion

Illustrated notes

Levels and vault maps discovered:
D:1:      scummos_arrival_simple_crosswalls, layout_basic,
          shapermc_ecumenical_altar_flowoftime
D:2:      layout_basic, nicolae_kite_square_tiling_tiny,
          nicolae_figureground_pulse, uniq_sigmund
D:3:      layout_basic, uniq_robin
D:4:      layout_gridville, mainiacjoe_overflow_alcove_1,
          minmay_temple_entry_glassed_door, minivault_27,
          minmay_misc_feat_four_crosses, roderic_serpentine_path, uniq_natasha
D:5:      layout_basic, lemuel_doored_altar
D:6:      layout_cave_pools, slow_altar_2, tso_metal_star, vehumet_crystals
D:7:      layout_basic, trog_butcher_becter, minmay_misc_feat_five
D:8:      layout_basic, jmf_multi_god_temple, uniq_joseph
D:9:      due_megacathedral, layout_long_grid, nicolae_elyvilon_temple_path,
          led_xom_imps, serial_shops, shop, corexii_leaking_fountain,
          dk_rats_in_the_wall, uniq_harold
D:10:     layout_irregular_city, mainiacjoe_overflow_24_doors,
          david_orc_1_choice, solitary_fountain, nicolae_evil_shop, uniq_psyche
D:11:     layout_gridville, erik_lair_island, grunt_decor_one_mirror
D:12:     minmay_opposing_rooms, layout_loops_ring
Temple:   minmay_freezing_vapour_temple
Lair:1:   layout_roguey
Lair:2:   layout_big_grid, spider_nest_entry_funnel_web, serial_rivers,
          chequers_serial_rivers_marsh, chequers_serial_rivers_marsh,
          chequers_serial_rivers_large_a, chequers_serial_rivers_room_b,
          roderic_carrion_pond, uniq_amaemon
Lair:3:   layout_long_grid, minmay_shoals_entry_beasts, lemuel_fruit_tree
Lair:4:   layout_cave_pods, slime_entry_1, columned_hall_lemuel, pond,
          grunt_megastairs_3, uniq_sonja, uniq_kirke
Abyss:1:  base:
Lair:2

Skill      XL: |  1  2  3  4  5  6  7  8  9 10 11 12 13 |
---------------+----------------------------------------+-----
Axes           | 2 3 4 5 6 8 10 | 10.8
Polearms       | 6 9 |  9.9
Fighting       | 5 12 | 12.0
Dodging        | 8 11 | 11.9
Armour         | |  3.2
Shields        | |  3.2

Action                   |  1- 3 |  4- 6 |  7- 9 | 10-12 | 13-15 || total
-------------------------+-------+-------+-------+-------+-------++-------
Melee: War axe           |    87 |   102 |       |       |       ||   189
       Spear             |       |    55 |   259 |  1127 |   491 ||  1932
       Headbutt          |       |       |       |   172 |   148 ||   320
       Unarmed           |       |       |       |       |     1 ||     1
Evoke: Wand              |       |       |       |     5 |     7 ||    12
  Use: Scroll            |       |    12 |     1 |    18 |     6 ||    37
       Potion            |       |       |     1 |    10 |    13 ||    24
 Stab: Distracted        |       |       |       |     1 |       ||     1
Armor: Scale mail        |    33 |   113 |    20 |       |       ||   166
       Plate armour      |       |       |    84 |   163 |       ||   247
       Chain mail        |       |       |       |   264 |   280 ||   544
Dodge: Dodged            |    33 |    65 |    34 |   274 |   250 ||   656
Block: Buckler           |    17 |    32 |    50 |   246 |   163 ||   508

Table legend: (Time is in decaauts)
 A = Elapsed time spent in this place.
 B = Non-inter-level travel time spent in this place.
 C = Inter-level travel time spent in this place.
 D = Time resting spent in this place.
 E = Time spent auto-exploring this place.
 F = Levels seen in this place.
 G = Mean time per level.
                   A        B        C        D        E       F      G
               +--------+--------+--------+--------+--------+-----+--------+
         Total |  14832 |  12972 |   1860 |   1185 |   8598 |  18 |  824.0 |
       Dungeon |  11246 |   9888 |   1358 |   1185 |   6535 |  12 |  937.2 |
        Temple |     29 |      3 |     26 |      0 |      0 |   1 |   29.0 |
          Lair |   3342 |   2866 |    476 |      0 |   2063 |   4 |  835.5 |
         Abyss |    213 |    213 |      0 |      0 |      0 |   1 |  213.0 |
               +--------+--------+--------+--------+--------+-----+--------+

Top non-repeatable levels by time:
     D:9: 1993 daAuts
     D:2: 1656 daAuts
    D:10: 1171 daAuts
  Lair:1: 1122 daAuts
     D:7: 1054 daAuts
  Lair:3: 1003 daAuts
     D:4: 948 daAuts
     D:3: 899 daAuts
     D:1: 868 daAuts
  Lair:2: 865 daAuts
     D:8: 769 daAuts
     D:6: 728 daAuts
     D:5: 561 daAuts
    D:11: 521 daAuts
  Lair:4: 351 daAuts
